 Dungeon Sprint DCSS version 0.17-a0-1570-g74b7129 (webtiles) character file.

6918 tt080 the Zephyrmancer (level 10, -6/56 HPs)
             Began as a High Elf Air Elementalist on July 23, 2015.
             Was the Champion of Sif Muna.
             Mangled by a komodo dragon (32 damage)
             ... in the Dungeon (Sprint IX: "|||||||||||||||||||||||||||||").
             The game lasted 00:08:43 (663 turns).

tt080 the Zephyrmancer (High Elf Air Elementalist)   Turns: 663, Time: 00:08:43

Health: -6/56      AC: 10    Str:  7    XL:     10   Next: 79%
Magic:  6/28       EV: 25    Int: 22    God:    Sif Muna [******]
Gold:   0          SH:  0    Dex: 20    Spells: 6 memorised, 19 levels left

rFire  . . .     SeeInvis .     q - +2 dire flail (protect)
rCold  . . .     Clarity  .     a - +0 robe
rNeg   . . .     SustAt   .     (no shield)
rPois  .         Gourm    .     (no helmet)
rElec  .         Spirit   .     r - +2 cloak
rCorr  .         Warding  .     (no gloves)
rMut   .         NoTele   +     (no boots)
MR     +....                    (no amulet)
Stlth  +++.......               t - +3 ring of dexterity
                                s - +2 ring of evasion

@: somewhat resistant to hostile enchantments, fairly stealthy
A: no striking features
a: Channel Energy, Forget Spell, Renounce Religion


You were in the Dungeon.
You worshipped Sif Muna.
Sif Muna was exalted by your worship.
You were near starving.

You visited 1 branch

Inventory:

Hand weapons
 j - a +0 whip
 q - a +2 dire flail of protection (weapon)
 w - the +4 long sword of Resourcefulness {antimagic, rF+}
   (You found it in the Dungeon)

   It disrupts the flow of magical energy around spellcasters and certain
   magical creatures (including the wielder).
   It protects you from fire.
Armour
 a - a +0 robe (worn)
 r - a +2 cloak (worn)
Magical staves
 p - an uncursed staff of energy
Jewellery
 s - a +2 ring of evasion (left hand)
 t - a +3 ring of dexterity (right hand)
Magical devices
 o - a wand of draining (0)
Scrolls
 i - 3 scrolls of blinking
 m - 3 scrolls of remove curse
 n - 2 scrolls of amnesia
 x - a scroll of recharging
 y - a scroll of identify
 z - a scroll of fog
Potions
 d - 3 potions of curing
 e - 5 potions of heal wounds
 f - 2 potions of haste
 g - 3 potions of magic
 h - 5 potions of berserk rage
 k - a potion of cure mutation
 l - a potion of invisibility
Books
 b - a book of Air

   Spells                             Type                      Level
   a - Shock                          Conjuration/Air              1
   b - Swiftness                      Charms/Air                   2
   c - Repel Missiles                 Charms/Air                   2
   d - Static Discharge               Conjuration/Air              3
   e - Lightning Bolt                 Conjuration/Air              5
 u - Sif Muna's Guide on Conjuration
   (Sif Muna gifted it to you in the Dungeon)

   Spells                             Type                      Level
   a - Magic Dart                     Conjuration                  1
   b - Searing Ray                    Conjuration                  2
   c - Iskenderun's Battlesphere      Conjuration/Charms           5
   d - Fireball                       Conjuration/Fire             5
   e - Poison Arrow                   Conjuration/Poison           6
 v - Ahittenk's Handbook of Excruciating Lightness
   (Sif Muna gifted it to you in the Dungeon)

   Spells                             Type                      Level
   a - Shock                          Conjuration/Air              1
   b - Repel Missiles                 Charms/Air                   2
   c - Mephitic Cloud                 Conjuration/Poison/Air       3
   d - Lightning Bolt                 Conjuration/Air              5
   e - Chain Lightning                Conjuration/Air              8
Comestibles
 c - 4 chunks of flesh


   Skills:
 + Level 12.5 Dodging
 - Level 2.9 Stealth
 + Level 13.0 Spellcasting
 + Level 12.3 Conjurations
 + Level 14.9 Air Magic
 * Level 12.1 Invocations


You had 19 spell levels left.
You knew the following spells:

 Your Spells              Type           Power        Failure   Level  Hunger
a - Shock                 Conj/Air       ####         1%          1    None
b - Repel Missiles        Chrm/Air       #####.       1%          2    None
c - Swiftness             Chrm/Air       #####...     1%          2    None
d - Static Discharge      Conj/Air       ######..     1%          3    None
e - Lightning Bolt        Conj/Air       ######....   1%          5    ###....
f - Mephitic Cloud        Conj/Pois/Air  ######..     1%          3    None


Dungeon Overview and Level Annotations

Branches:
Dungeon (1/1)

Altars:
Cheibriados
Dithmenos
Elyvilon
Fedhas
Gozag
Kikubaaqudgha
Makhleb
Nemelex Xobeh
Okawaru
Qazlal
Ru
Sif Muna
Trog
Vehumet
Xom
Yredelemnul
Zin
The Shining One
Beogh
Jiyva
Lugonu


Message History

Aim: a komodo dragon (heavily wounded)
You hear a mighty clap of thunder!
The bolt of lightning misses the komodo dragon.
* * * LOW MAGIC WARNING * * *
Use which ability? (? or * to list)
You channel some magical energy.
You feel somewhat more hungry.
Use which ability? (? or * to list)
You channel some magical energy.
You feel somewhat more hungry. The komodo dragon bites you!!
Ouch! That really hurt!
* * * LOW HITPOINT WARNING * * *
Read which item? (? for menu, Esc to quit)
Blink to where?
Press: ? - help, Dir - move target cursor, p - komodo dragon
Okay, then.
Unknown command.
Drink which item? (? for menu, Esc to quit)
You feel much better. The komodo dragon bites you!!
Ouch! That really hurt!
You die...

▓_▓.▓
▓_▓.▓.▓
▓_▓.▓.▓
▓_▓.▓.▓
▓_▓.▓.▓
▓_▓.▓†▓
▓_▓.▓.▓
▓_▓.▓l▓
▓_▓.▓@▓
▓_▓.▓.▓
▓_▓.▓.▓
▓_▓.▓.▓
▓_▓.▓†▓
▓_▓.▓.▓
▓_▓.▓.▓
▓_▓.▓†▓
▓_▓.▓.▓


You could see a komodo dragon.

Vanquished Creatures
  2 hydras (D)
  Erolcha (D)
  A tengu warrior (D)
  A hill giant (D)
  A manticore (D)
  A griffon (D)
  A komodo dragon (D)
  2 spiny frogs (D)
  2 trolls (D)
  2 trapdoor spiders (D)
  2 yaks (D)
  A basilisk (D)
  A wolf (D)
  2 porcupines (D)
  3 water moccasins (D)
  An ice beast (D)
  An ogre (D)
  A crocodile (D)
  2 jellies (D)
  An iguana (D)
  A worker ant (D)
  A river rat (D)
  A bat zombie (D)
  A hobgoblin (D)
  A kobold (D)
  2 bats (D)
  A jackal skeleton (D)
  3 rats (D)
40 creatures vanquished.

Notes
Turn   | Place    | Note
--------------------------------------------------------------
     0 | D        | tt080 the High Elf Air Elementalist began the quest for the Orb.
     0 | D        | Reached XP level 1. HP: 11/11 MP: 4/4
     5 | D        | Reached skill level 4 in Air Magic
    39 | D        | Noticed a jelly
    39 | D        | Noticed a worker ant
    42 | D        | Reached skill level 5 in Air Magic
    44 | D        | Killed a jelly
    44 | D        | Reached skill level 7 in Air Magic
    44 | D        | Reached XP level 2. HP: 17/17 MP: 0/8
    44 | D        | Reached XP level 3. HP: 21/21 MP: 0/9
    55 | D        | Killed a worker ant
    73 | D        | Learned a level 2 spell: Repel Missiles
    76 | D        | Learned a level 2 spell: Swiftness
    80 | D        | Learned a level 3 spell: Static Discharge
    88 | D        | Found a glowing silver altar of Zin.
    88 | D        | Found a glowing golden altar of the Shining One.
    88 | D        | Found an ancient bone altar of Kikubaaqudgha.
    88 | D        | Found a basalt altar of Yredelemnul.
    88 | D        | Found a shimmering altar of Xom.
    88 | D        | Found a radiant altar of Vehumet.
    89 | D        | Found an iron altar of Okawaru.
    90 | D        | Found a burning altar of Makhleb.
    91 | D        | Found a deep blue altar of Sif Muna.
    92 | D        | Found a bloodstained altar of Trog.
    93 | D        | Found a sparkling altar of Nemelex Xobeh.
    94 | D        | Found a white marble altar of Elyvilon.
    95 | D        | Found a roughly hewn altar of Beogh.
    96 | D        | Found a viscous altar of Jiyva.
    97 | D        | Found a corrupted altar of Lugonu.
    98 | D        | Found a blossoming altar of Fedhas.
    99 | D        | Became a worshipper of Sif Muna the Loreminder
   100 | D        | Found a snail-covered altar of Cheibriados.
   101 | D        | Found a shadowy altar of Dithmenos.
   102 | D        | Found a stormy altar of Qazlal.
   103 | D        | Found an opulent altar of Gozag.
   104 | D        | Found a sacrificial altar of Ru.
   140 | D        | Noticed an ogre
   140 | D        | Noticed a troll
   140 | D        | Noticed a hill giant
   140 | D        | Noticed a jelly
   140 | D        | Noticed an ice beast
   145 | D        | Killed a jelly
   145 | D        | Reached skill level 5 in Spellcasting
   145 | D        | Reached skill level 8 in Air Magic
   145 | D        | Reached XP level 4. HP: 15/27 MP: 6/12
   168 | D        | Killed an ice beast
   168 | D        | Acquired Sif Muna's first power
   168 | D        | Reached skill level 5 in Dodging
   168 | D        | Reached skill level 9 in Air Magic
   168 | D        | Reached XP level 5. HP: 18/31 MP: 3/14
   169 | D        | Killed a hill giant
   169 | D        | Acquired Sif Muna's second power
   169 | D        | Acquired Sif Muna's third power
   169 | D        | Reached skill level 11 in Air Magic
   169 | D        | Reached XP level 6. HP: 20/36 MP: 4/19
   169 | D        | Reached XP level 7. HP: 22/41 MP: 4/20
   171 | D        | Killed an ogre
   172 | D        | Killed a troll
   279 | D        | Noticed an iguana
   279 | D        | Noticed a tengu warrior
   279 | D        | Noticed a manticore
   279 | D        | Noticed a troll
   287 | D        | Learned a level 5 spell: Lightning Bolt
   288 | D        | Killed an iguana
   289 | D        | Killed a troll
   289 | D        | Reached skill level 10 in Spellcasting
   289 | D        | Reached skill level 12 in Air Magic
   289 | D        | Reached XP level 8. HP: 42/46 MP: 12/23
   296 | D        | Killed a tengu warrior
   296 | D        | Received a gift from Sif Muna
   296 | D        | Reached skill level 10 in Dodging
   296 | D        | Reached skill level 5 in Invocations
   297 | D        | Killed a manticore
   297 | D        | Reached skill level 10 in Conjurations
   297 | D        | Reached skill level 13 in Air Magic
   297 | D        | Reached XP level 9. HP: 23/51 MP: 12/25
   298 | D        | Identified Sif Muna's Guide on Conjuration (Sif Muna gifted it to you in the Dungeon)
   315 | D        | Noticed a trapdoor spider
   318 | D        | Killed a trapdoor spider
   321 | D        | Noticed a trapdoor spider
   325 | D        | Killed a trapdoor spider
   351 | D        | Noticed Erolcha
   453 | D        | Killed Erolcha
   453 | D        | Received a gift from Sif Muna
   454 | D        | Identified Ahittenk's Handbook of Excruciating Lightness (Sif Muna gifted it to you in the Dungeon)
   459 | D        | Learned a level 3 spell: Mephitic Cloud
   587 | D        | Got the +4 long sword of Resourcefulness {antimagic, rF+}
   601 | D        | Noticed a four-headed hydra
   601 | D        | Noticed a basilisk
   601 | D        | Noticed a komodo dragon
   601 | D        | Noticed a porcupine
   601 | D        | Noticed a crocodile
   601 | D        | Noticed a water moccasin
   602 | D        | Killed a basilisk
   603 | D        | Killed a komodo dragon
   604 | D        | Killed a water moccasin
   604 | D        | Killed a porcupine
   605 | D        | Noticed a wolf
   605 | D        | Killed a crocodile
   606 | D        | Killed a four-headed hydra
   606 | D        | Reached skill level 14 in Air Magic
   606 | D        | Reached skill level 10 in Invocations
   606 | D        | Reached XP level 10. HP: 52/56 MP: 0/27
   624 | D        | Killed a wolf
   628 | D        | Noticed a yak
   636 | D        | Killed a yak
   649 | D        | Noticed a water moccasin
   649 | D        | Noticed a griffon
   649 | D        | Noticed a water moccasin
   649 | D        | Noticed a porcupine
   649 | D        | Noticed a yak
   649 | D        | Noticed a spiny frog
   650 | D        | Killed a water moccasin
   651 | D        | Noticed a spiny frog
   651 | D        | Killed a spiny frog
   651 | D        | Killed a porcupine
   651 | D        | Killed a water moccasin
   652 | D        | Noticed a seven-headed hydra
   652 | D        | Killed a yak
   653 | D        | Killed a griffon
   653 | D        | Received a gift from Sif Muna
   656 | D        | Noticed a komodo dragon
   657 | D        | Killed a spiny frog
   657 | D        | Killed a seven-headed hydra
   662 | D        | HP: 1/56 [komodo dragon (30)]
   663 | D        | Mangled by a komodo dragon

Vault maps used:
D:        linesprint

Action                   |  1- 3 |  4- 6 |  7- 9 | 10-12 || total
-------------------------+-------+-------+-------+-------++-------
Melee: Dire flail        |       |       |     1 |       ||     1
 Cast: Shock             |    11 |     2 |     2 |       ||    15
       Swiftness         |       |     1 |       |       ||     1
       Lightning Bolt    |       |       |    15 |    15 ||    30
       Static Discharge  |       |       |     2 |       ||     2
Invok: Channel Energy    |       |       |     1 |    25 ||    26
Evoke: Wand              |       |     3 |     4 |       ||     7
  Use: Potion            |       |       |     3 |     2 ||     5
       Scroll            |       |       |     2 |       ||     2
  Eat: Chunk             |       |       |     1 |       ||     1
       Bread ration      |       |       |       |     1 ||     1
